 Dungeon Crawl Stone Soup version 0.29-a0-1016-g236c7fd91e (webtiles) character file.

Game seed: 8793204162017127208

520 ragingrage the Cleaver (level 7, 0/59 HPs)
             Began as a Minotaur Delver on Aug 9, 2022.
             Slain by an orc
             ... wielding a +0 flail
              (4 damage)
             ... on level 5 of the Dungeon.
             The game lasted 00:03:47 (3797 turns).

ragingrage the Cleaver (Minotaur Delver)            Turns: 3797, Time: 00:03:47

Health: 0/59       AC: 13    Str: 18    XL:     7   Next: 1%
Magic:  6/6        EV:  5    Int:  7    God:
Gold:   258        SH:  0    Dex: 12    Spells: 6/6 levels left

rFire   + . .      SeeInvis .   a - +4 hand axe (freeze)
rCold   . . .      Faith    .   (no shield)
rNeg    . . .      Spirit   .   C - +0 plate armour
rPois   .          Reflect  .   (helmet restricted)
rElec   .          Harm     .   j - +0 cloak
rCorr   .          Rampage  .   y - +1 pair of gloves
Will    .....                   (no boots)
Stlth   ..........              (no amulet)
HPRegen 0.19/turn               m - ring of protection from fire
MPRegen 0.10/turn               (no ring)

@: no status effects
A: horns 2, retaliatory headbutt
a: no special abilities


You were on level 5 of the Dungeon.
You visited 1 branch of the dungeon, and saw 6 of its levels.

You collected 258 gold pieces.

Inventory:

Hand Weapons
 a - a +4 hand axe of freezing (weapon)
 p - the +9 dagger of Karma {freeze, rF+}
   (You found it on level 2 of the Dungeon)

   It freezes those it strikes, dealing additional cold damage.
   It can also slow down cold-blooded creatures.
   rF:        It protects you from fire.
 v - a +0 battleaxe
 x - a +3 dagger of electrocution
Armour
 j - a +0 cloak (worn)
 y - a +1 pair of gloves (worn)
 C - a +0 plate armour (worn)
Jewellery
 m - a ring of protection from fire (left hand)
Wands
 g - a wand of digging (3)
 h - a wand of roots (14) (quivered)
Scrolls
 b - 2 scrolls of enchant armour
 c - a scroll of fog
 d - 4 scrolls of magic mapping
 e - 2 scrolls of fear
 i - a scroll of silence {unknown}
 n - a scroll of amnesia
 r - 5 scrolls of identify
 z - a scroll of teleportation {unknown}
 A - 2 scrolls of enchant weapon {unknown}
 B - a scroll of summoning {unknown}
Potions
 f - a potion of haste
 k - 3 potions of heal wounds {unknown}
 l - a potion of ambrosia {unknown}
 q - 3 potions of brilliance
 s - 5 potions of curing {unknown}
 t - 2 potions of attraction {unknown}
 u - a potion of flight {unknown}
 w - a potion of lignification {unknown}


   Skills:
 - Level 4.1 Fighting
 + Level 8.6 Axes
 - Level 2.7 Dodging
 - Level 4.3 Stealth


You had 6 spell levels left.
You didn't know any spells.
Your spell library contained the following spells:

 Spells                   Type           Power      Damage    Failure   Level
 Stone Arrow              Conj/Erth      0%         3d7       100%        3
 Animate Armour           Summ/Erth      0%         N/A       100%        4
 Lehudib's Crystal Spear  Conj/Erth      0%         10d2      100%        8


Dungeon Overview and Level Annotations

Branches:
Dungeon (6/15)
 Temple: D:4-7

Altars:
Ashenzari
Kikubaaqudgha
Wu Jian

Shops:
D:2 =

Annotations:
D:4 2 transporters


Innate Abilities, Weirdness & Mutations

You have a pair of horns on your head.
You reflexively headbutt those who attack you in melee.


Message History

You barely miss the orc priest. You barely miss the orc.
You barely miss something. Something hits you.
The orc hits you but does no damage.
You hit something. You freeze something. Your headbutt misses something.
You hit the orc. You freeze the orc. You slash the orc priest!
You freeze the orc priest. Something hits you but does no damage.
The orc hits you but does no damage.
The orc priest invokes the aid of Beogh against you.
Pain shoots through your body!
You closely miss something. You closely miss the orc.
You hit the orc but do no damage. You closely miss the orc priest.
Something hits you. The orc hits you with a +0 short sword.
The orc hits you with a +0 falchion.
The orc priest mumbles some strange prayers to Beogh against you.
Beogh smites you!
* * * LOW HITPOINT WARNING * * *
You slash something! You freeze something.
Reactivating autopickup.
You feel a bit more experienced.
You hit the orc but do no damage. You closely miss the orc priest.
You hit the orc. You freeze the orc.
You have reached level 7!
You closely miss the orc priest.
The orc priest is severely wounded.
You hit the orc. You freeze the orc. You closely miss the orc.
The orc hits you but does no damage.
The orc priest hits you but does no damage.
The orc hits you but does no damage.
You barely miss the orc priest.
The orc priest is severely wounded.
You barely miss the orc. You hit the orc. You freeze the orc.
You kill the orc!
You closely miss the orc. The orc hits you but does no damage.
The orc hits you with a +0 flail!
* * * LOW HITPOINT WARNING * * *
The orc priest barely misses you.
You hit the orc priest. You freeze the orc priest.
You kill the orc priest!
You closely miss the orc. You hit the orc. You freeze the orc.
The orc hits you but does no damage. The orc hits you with a +0 flail.
You die...

..........## ......<.....
............#
...........#.#
............/## .
..............####...^
................o#.......
................@o......
................))....##
........................
.....................###
.....................#####.
...............)..........<
.............#......######
...##.###.####......#
...##.##.. #......#


You could see 2 orcs.

Vanquished Creatures
  An ogre (D:5)
  A scorpion (D:4)
  A howler monkey (D:5)
  3 hounds
  2 orc priests
  An iguana (D:4)
  Terence (D:2)
  2 orc wizards
  3 adders
  3 worms
  A dart slug (D:1)
  8 orcs
  5 ball pythons
  9 bats
  5 endoplasms
  7 giant cockroaches
  5 goblins
  8 hobgoblins
  4 jackals (D:1)
  5 kobolds
  2 quokkas
  6 rats
83 creatures vanquished.

Vanquished Creatures (others)
  5 withered plants (D:4)
5 creatures vanquished.

Grand Total: 88 creatures vanquished

Notes
Turn   | Place    | Note
-------+----------+-------------------------------------------
     0 | D:5      | ragingrage the Minotaur Delver began the quest for the Orb.
     0 | D:5      | Reached XP level 1. HP: 19/19 MP: 0/0
    12 | D:6      | Noticed an orc wizard
    28 | D:5      | Noticed a howler monkey
    42 | D:5      | Killed a howler monkey
    43 | D:5      | Reached skill level 3 in Axes
    43 | D:5      | Reached XP level 2. HP: 13/27 MP: 1/1
    43 | D:5      | Reached XP level 3. HP: 16/33 MP: 2/2
   326 | D:4      | Found a transporter.
   445 | D:4      | Noticed a scorpion
   657 | D:2      | Noticed Terence
   661 | D:2      | Killed Terence
   662 | D:2      | Reached skill level 4 in Axes
   662 | D:2      | Reached XP level 4. HP: 40/40 MP: 3/3
   678 | D:2      | Identified the +9 dagger of Karma {freeze, rF+}
  1076 | D:1      | Reached skill level 5 in Axes
  1402 | D:1      | Found a faded altar of an unknown god.
  1636 | D:2      | Reached XP level 5. HP: 46/46 MP: 4/4
  1864 | D:2      | Found Dicuh's Jewellery Shoppe.
  2316 | D:3      | Found an ornate altar of the Wu Jian Council.
  2724 | D:4      | Reached skill level 6 in Axes
  2792 | D:4      | Found a broken altar of Ashenzari.
  3071 | D:4      | Reached skill level 7 in Axes
  3071 | D:4      | Reached XP level 6. HP: 22/52 MP: 5/5
  3345 | D:4      | Found an ancient bone altar of Kikubaaqudgha.
  3696 | D:4      | Found a transporter.
  3771 | D:5      | Reached skill level 8 in Axes
  3795 | D:5      | Reached XP level 7. HP: 11/59 MP: 6/6
  3797 | D:5      | Slain by an orc

Illustrated notes

Levels and vault maps discovered:
D:1:      shiori_arrival_elements, layout_basic, basic_ecumenical_altar,
          st_stairs_13
D:2:      layout_basic, serial_shops, nicolae_square_shop, grunt_decor_junction,
          uniq_terence
D:3:      layout_basic, nicolae_wu_jian_immortal_techniques, nicolae_titane
D:4:      gammafunk_cloud_chamber, layout_loops_ring, kiku_gazebo_garden_becter,
          mainiacjoe_overflow_24_doors
D:5:      layout_rooms, kennysheep_mini_moat, temple_hall
D:6:      layout_basic, serial_shops, shop, kennysheep_cross_room,
          minmay_misc_feat_room, serial_bayou_pond_d

Skill      XL: |  1  2  3  4  5  6 |
---------------+-------------------+-----
Fighting       | 4 |  4.1
Axes           | 3 4 5 7 8 |  8.6
Dodging        | |  2.7
Stealth        | |  4.3

Action                   |  1- 3 |  4- 6 |  7- 9 || total
-------------------------+-------+-------+-------++-------
Melee: Hand axe          |    20 |   148 |     3 ||   171
       Headbutt          |       |    20 |       ||    20
       Punch             |       |     1 |       ||     1
Evoke: Wand              |     2 |     1 |       ||     3
  Use: Scroll            |       |     5 |       ||     5
 Stab: Sleeping          |     2 |       |       ||     2
Armor: Leather armour    |     2 |       |       ||     2
       Chain mail        |       |    63 |       ||    63
       Plate armour      |       |    26 |     5 ||    31
Dodge: Dodged            |     6 |    44 |     1 ||    51

Table legend: (Time is in decaauts)
 A = Elapsed time spent in this place.
 B = Non-inter-level travel time spent in this place.
 C = Inter-level travel time spent in this place.
 D = Time resting spent in this place.
 E = Time spent auto-exploring this place.
 F = Levels seen in this place.
 G = Mean time per level.
                   A        B        C        D        E       F      G
               +--------+--------+--------+--------+--------+-----+--------+
         Total |   3798 |   3703 |     95 |    451 |   2597 |   6 |  633.0 |
       Dungeon |   3798 |   3703 |     95 |    451 |   2597 |   6 |  633.0 |
               +--------+--------+--------+--------+--------+-----+--------+

Top non-repeatable levels by time:
     D:4: 1364 daAuts
     D:3: 782 daAuts
     D:2: 777 daAuts
     D:1: 644 daAuts
     D:5: 227 daAuts
     D:6: 1 daAuts
